 Seeded DCSS version 0.26-a0-812-g31a745ddcd (webtiles) character file.

Game seed: 13517884518436679655 (custom seed)

2928 sahdkjhfkaj the Nimble (level 9, 74/74 HPs)
             Began as a Gnoll Monk on Oct 25, 2020.
             Was a Priest of Sif Muna.
             Quit the game on level 8 of the Dungeon on Nov 14, 2020.
             The game lasted 00:16:27 (8174 turns).

sahdkjhfkaj the Nimble (Gnoll Monk)                 Turns: 8174, Time: 00:16:28

Health: 74/74      AC: 15    Str: 17    XL:     9   Next: 79%
Magic:  15/15      EV:  9    Int: 12    God:    Sif Muna [***...]
Gold:   617        SH:  0    Dex: 18    Spells: 17/17 levels left

rFire    . . .     SeeInvis .   u - +0 halberd
rCold    + . .     Faith    .   (shield currently unavailable)
rNeg     . . .     Spirit   .   o - +0 plate armour
rPois    +         Reflect  .   (no helmet)
rElec    .         Harm     .   d - +2 cloak
rCorr    .         Rampage  .   (no gloves)
MR       .....                  (no boots)
Stlth    ..........             g - amulet of regeneration
HPRegen  0.62/turn              s - ring of poison resistance
MPRegen  0.14/turn              (no ring)

@: no status effects
A: distributed training, fangs 1, talons 1, cold resistance 1, strong nose
a: Channel Magic, Forget Spell, Renounce Religion


You were on level 8 of the Dungeon.
You worshipped Sif Muna.
Sif Muna was most pleased with you.
You visited 2 branches of the dungeon, and saw 9 of its levels.
You visited the Abyss 1 time.
You also visited: Ossuary.

You collected 617 gold pieces.

Inventory:

Hand Weapons
 u - a +0 halberd (weapon)
Armour
 d - a +2 cloak (worn)
 o - a +0 plate armour (worn)
Jewellery
 g - an amulet of regeneration (around neck)
 s - a ring of poison resistance (left hand)
 v - an uncursed ring of fire
Wands
 a - a wand of flame (16)
 b - a wand of paralysis (15)
 p - a wand of disintegration (7)
 r - a wand of polymorph (15)
Scrolls
 c - 5 scrolls of remove curse {!r}
 e - a scroll of fog {!r}
 f - a scroll of enchant armour {!r}
 j - a scroll of teleportation {!r}
 k - 3 scrolls of magic mapping {!r}
 l - a scroll of immolation {!r}
 q - a scroll of amnesia {!r}
 t - a scroll of vulnerability {!r}
 w - a scroll of enchant weapon {!r}
 x - a scroll of summoning {!r, unknown}
Potions
 h - 3 potions of curing {!q}
 i - 2 potions of heal wounds {!q}
 m - 2 potions of mutation {!q}


   Skills:
 + Level 8.1 Fighting
 + Level 4.5 Short Blades
 + Level 4.5 Long Blades
 + Level 4.5 Axes
 + Level 4.5 Maces & Flails
 + Level 8.1 Polearms
 + Level 4.5 Staves
 + Level 4.5 Slings
 + Level 4.5 Bows
 + Level 4.5 Crossbows
 + Level 4.5 Throwing
 + Level 4.5 Armour
 + Level 8.1 Dodging
 + Level 6.3 Stealth
 + Level 4.5 Shields
 + Level 4.5 Unarmed Combat
 + Level 4.5 Spellcasting
 + Level 3.8 Conjurations
 + Level 3.8 Hexes
 + Level 3.8 Summonings
 + Level 3.8 Necromancy
 + Level 3.8 Translocations
 + Level 3.8 Transmutations
 + Level 3.8 Fire Magic
 + Level 3.8 Ice Magic
 + Level 3.8 Air Magic
 + Level 3.8 Earth Magic
 + Level 3.8 Poison Magic
 + Level 5.0 Invocations
 + Level 4.5 Evocations


You had 17 spell levels left.
You didn't know any spells.
Your spell library was empty.

Dungeon Overview and Level Annotations

Branches:
Dungeon (8/15)             Temple (1/1) D:6         Ossuary (visited)
   Lair: D:8-11

Altars:
Ashenzari
Cheibriados
Dithmenos
Elyvilon
Gozag
Hepliaklqana
Kikubaaqudgha
Makhleb
Nemelex Xobeh
Okawaru
Qazlal
Ru
Sif Muna
Trog
Uskayaw
Vehumet
Wu Jian
Xom
Yredelemnul
Zin
The Shining One

Shops:
D:8 !


Innate Abilities, Weirdness & Mutations

Your experience applies equally to all skills.
You have very sharp teeth.
Your uncanny sense of smell can sniff out nearby items.
You have sharp toenails.
Your flesh is cold resistant. (rC+)


Message History

The yak is pulled toward you! The yak gores you but does no damage.
The yak completely misses you. The yak is pulled toward you!
The yak gores you but does no damage.
A yak comes into view.
The yak is pulled toward you! x2; The wyvern is pulled toward you!
Your surroundings suddenly seem different.
The yak moves out of view.
There is a stone staircase leading up here.
You start resting.
You feel yourself speed up.
You feel less attractive to monsters.
You start resting.
HP restored.
You start waiting.
You recover from your berserk rage.
Saving game... please wait.
Welcome back, sahdkjhfkaj the Gnoll Monk.
Game seed: 13517884518436679655 (custom seed) Sif Muna whispers: I know many secrets...
Press ? for a list of commands and other information.
Are you sure you want to abandon this character and quit the game? (Confirm with "yes".)

... #.# #<# #.#
#.#####.######.#
#..............
#######..####.
#########..###. .
#.....@....##.# ##
#.########.#..# ...
#># #####.#..###.##
##.####.............#
#....)...........#..#
#..####.###..#.###..#
#..# #.# #...∩..#..#
#..# #.#
#.##)#....#### #..#
#.# #.#..##.......


There were no monsters in sight!

Vanquished Creatures
  The ghost of Whiskey the Covert, a novice KoEn of Ashenzari (D:5)
  2 yaks (D:8)
  Menkaure (D:7)
  An acid dragon (D:5)
  2 water moccasins (D:8)
  An orc warrior (D:8)
  A black bear (D:8)
  An ogre (D:4)
  3 bullfrogs
  3 scorpions
  6 wights (D:6)
  3 howler monkeys (D:7)
  2 centaur zombies
  A human zombie (Ossuary)
  3 jellies
  4 orc wizards
  Crazy Yiuf (D:3)
  4 iguanas
  2 worker ants (D:7)
  2 big kobold zombies (Ossuary)
  A hound zombie (D:7)
  2 hound skeletons
  3 mummies
  8 gnolls
  A howler monkey skeleton (D:4)
  8 adders
  3 shadow imps
  2 ufetubi
  An ooze (D:7)
  4 adder zombies
  2 worms (D:4)
  A dart slug (D:1)
  A leopard gecko (D:5)
  15 orcs
  A ball python (D:2)
  8 bats
  5 giant cockroaches
  4 gnoll zombies (Ossuary)
  9 goblins
  6 hobgoblins
  5 jackals
  7 kobolds
  3 quokkas
  9 frilled lizards
  6 hobgoblin zombies
  A kobold zombie (D:7)
  3 orc zombies
  2 quokka skeletons
  7 rats
172 creatures vanquished.

Vanquished Creatures (others)
  2 fungi (D:8)
  9 plants (D:8)
11 creatures vanquished.

Grand Total: 183 creatures vanquished

Notes
Turn   | Place    | Note
-------+----------+-------------------------------------------
     0 | D:1      | sahdkjhfkaj the Gnoll Monk began the quest for the Orb.
     0 | D:1      | Reached XP level 1. HP: 23/23 MP: 1/1
   297 | D:1      | Reached XP level 2. HP: 29/29 MP: 2/2
   731 | D:1      | Reached XP level 3. HP: 35/35 MP: 3/3
  1202 | D:2      | Reached skill level 1 in Invocations
  1249 | D:2      | Found a radiant altar of Vehumet.
  1289 | D:2      | Reached skill level 1 in Short Blades
  1289 | D:2      | Reached skill level 1 in Long Blades
  1289 | D:2      | Reached skill level 1 in Axes
  1289 | D:2      | Reached skill level 1 in Maces & Flails
  1289 | D:2      | Reached skill level 1 in Staves
  1289 | D:2      | Reached skill level 1 in Slings
  1289 | D:2      | Reached skill level 1 in Bows
  1289 | D:2      | Reached skill level 1 in Crossbows
  1289 | D:2      | Reached skill level 1 in Throwing
  1289 | D:2      | Reached skill level 1 in Armour
  1289 | D:2      | Reached skill level 1 in Shields
  1289 | D:2      | Reached skill level 1 in Unarmed Combat
  1289 | D:2      | Reached skill level 1 in Spellcasting
  1289 | D:2      | Reached skill level 1 in Evocations
  1740 | D:3      | Reached XP level 4. HP: 41/41 MP: 5/5
  1996 | D:3      | Reached skill level 1 in Conjurations
  1996 | D:3      | Reached skill level 1 in Hexes
  1996 | D:3      | Reached skill level 1 in Summonings
  1996 | D:3      | Reached skill level 1 in Necromancy
  1996 | D:3      | Reached skill level 1 in Translocations
  1996 | D:3      | Reached skill level 1 in Transmutations
  1996 | D:3      | Reached skill level 1 in Fire Magic
  1996 | D:3      | Reached skill level 1 in Ice Magic
  1996 | D:3      | Reached skill level 1 in Air Magic
  1996 | D:3      | Reached skill level 1 in Earth Magic
  1996 | D:3      | Reached skill level 1 in Poison Magic
  2134 | D:2      | Reached XP level 5. HP: 47/47 MP: 6/6
  2261 | D:4      | Found an ornate altar of the Wu Jian Council.
  2377 | D:4      | Reached XP level 6. HP: 23/53 MP: 8/8
  2487 | D:4      | Found a white marble altar of Elyvilon.
  2915 | D:3      | Found a runed translucent door.
  2916 | D:3      | Noticed Crazy Yiuf
  3072 | D:3      | Cast into level 1 of the Abyss (Crazy Yiuf)
  3130 | D:3      | Escaped the Abyss
  3177 | D:3      | Killed Crazy Yiuf
  3839 | D:4      | Reached XP level 7. HP: 29/59 MP: 10/10
  4139 | D:4      | Found an ancient bone altar of Kikubaaqudgha.
  4163 | D:5      | Entered Level 5 of the Dungeon
  4621 | D:5      | Reached skill level 5 in Stealth
  4848 | D:5      | Found a runed translucent gate.
  4848 | D:5      | Found a runed translucent gate.
  4848 | D:5      | Found a runed translucent gate.
  4848 | D:5      | Noticed Whiskey's ghost (novice KoEn)
  5009 | D:5      | Killed Whiskey's ghost
  5009 | D:5      | Reached XP level 8. HP: 61/67 MP: 12/12
  5199 | D:6      | Found a staircase to the Ecumenical Temple.
  5234 | Temple   | Entered the Ecumenical Temple
  5435 | Temple   | Became a worshipper of Sif Muna the Loreminder
  5435 | Temple   | Reached * piety under Sif Muna
  5435 | Temple   | Reached ** piety under Sif Muna
  6831 | D:7      | Noticed Menkaure
  6842 | D:7      | Killed Menkaure
  6842 | D:7      | Reached XP level 9. HP: 45/73 MP: 14/14
  7102 | D:7      | Found a shimmering altar of Xom.
  7120 | D:7      | Found a sand-covered staircase.
  7125 | Ossuary  | Entered an ossuary
  7154 | Ossuary  | Reached *** piety under Sif Muna
  7540 | D:7      | Upgraded the game from 0.26-a0-695-g987792ac36 to
                  | 0.26-a0-812-g31a745ddcd
  7880 | D:8      | Found Wisk's Distillery.
  8100 | D:8      | Gained mutation: You have sharp toenails. [potion of
                  | mutation]
  8100 | D:8      | Gained mutation: Your flesh is cold resistant. (rC+)
                  | [potion of mutation]
  8117 | D:8      | Reached skill level 5 in Invocations
  8174 | D:8      | Quit the game

Illustrated notes

Levels and vault maps discovered:
D:1:      dpeg_arrival_arbitrary_c, layout_basic, chequers_serial_rivers_large_b
D:2:      layout_basic, lemuel_doored_altar
D:3:      minmay_razor_zed, layout_loops_corners, kennysheep_generic_room_15,
          uniq_crazy_yiuf_cottage
D:4:      layout_loops_ring, marbit_many_paths, elyvilon_altar_3,
          lemuel_round_altar
D:5:      layout_cave_pools, ebering_ghost_rock_garden
D:6:      layout_basic, minmay_temple_entry_antechambers
D:7:      layout_loops_corners, lemuel_crystal_altar, enter_ossuary_2,
          minmay_mini_ossuary, uniq_menkaure
D:8:      layout_loops_ring, fedhas_altar_fruit_tree, minmay_lair_entry_grove,
          serial_shops, nicolae_shop_crystal, gammafunk_ghost_mausoleum,
          st_stairs_6
Temple:   compressed_dpeg_circular_temple

Skill      XL: |  1  2  3  4  5  6  7  8  9 |
---------------+----------------------------+-----
Invocations    | 1 2 3 4 5 |  5.0
Short Blades   | 1 2 3 4 |  4.5
Long Blades    | 1 2 3 4 |  4.5
Axes           | 1 2 3 4 |  4.5
Maces & Flails | 1 2 3 4 |  4.5
Staves         | 1 2 3 4 |  4.5
Slings         | 1 2 3 4 |  4.5
Bows           | 1 2 3 4 |  4.5
Crossbows      | 1 2 3 4 |  4.5
Throwing       | 1 2 3 4 |  4.5
Armour         | 1 2 3 4 |  4.5
Shields        | 1 2 3 4 |  4.5
Unarmed Combat | 1 2 3 4 |  4.5
Spellcasting   | 1 2 3 4 |  4.5
Evocations     | 1 2 3 4 |  4.5
Conjurations   | 1 2 3 |  3.8
Hexes          | 1 2 3 |  3.8
Summonings     | 1 2 3 |  3.8
Necromancy     | 1 2 3 |  3.8
Translocations | 1 2 3 |  3.8
Transmutations | 1 2 3 |  3.8
Fire Magic     | 1 2 3 |  3.8
Ice Magic      | 1 2 3 |  3.8
Air Magic      | 1 2 3 |  3.8
Earth Magic    | 1 2 3 |  3.8
Poison Magic   | 1 2 3 |  3.8
Fighting       | 7 8 |  8.1
Polearms       | 7 8 |  8.1
Dodging        | 7 8 |  8.1
Stealth        | 5 6 |  6.3

Action                   |  1- 3 |  4- 6 |  7- 9 || total
-------------------------+-------+-------+-------++-------
Melee: Spear             |   108 |   256 |   258 ||   622
       Bite              |    11 |    30 |    75 ||   116
       Punch             |       |     5 |     2 ||     7
       Halberd           |       |       |   285 ||   285
       Kick              |       |       |    10 ||    10
Evoke: Wand              |       |       |     6 ||     6
  Use: Scroll            |     7 |     1 |     4 ||    12
       Potion            |       |     1 |     5 ||     6
 Stab: Sleeping          |     6 |     7 |       ||    13
       Distracted        |     3 |     3 |       ||     6
Armor: Robe              |    15 |    11 |       ||    26
       Plate armour      |       |    27 |   308 ||   335
       Skin              |       |     1 |       ||     1
Dodge: Dodged            |    56 |   104 |   215 ||   375

Table legend: (Time is in decaauts)
 A = Elapsed time spent in this place.
 B = Non-inter-level travel time spent in this place.
 C = Inter-level travel time spent in this place.
 D = Time resting spent in this place.
 E = Time spent auto-exploring this place.
 F = Levels seen in this place.
 G = Mean time per level.
                   A        B        C        D        E       F      G
               +--------+--------+--------+--------+--------+-----+--------+
         Total |   8091 |   7502 |    589 |    842 |   4803 |  11 |  735.5 |
       Dungeon |   7624 |   7060 |    564 |    789 |   4639 |   8 |  953.0 |
        Temple |    227 |    202 |     25 |      0 |     87 |   1 |  227.0 |
         Abyss |     57 |     57 |      0 |     53 |      0 |   1 |   57.0 |
       Ossuary |    181 |    181 |      0 |      0 |     77 |   1 |  181.0 |
               +--------+--------+--------+--------+--------+-----+--------+

Top non-repeatable levels by time:
     D:3: 1377 daAuts
     D:6: 1175 daAuts
     D:7: 1039 daAuts
     D:5: 1000 daAuts
     D:1: 980 daAuts
     D:4: 919 daAuts
     D:2: 811 daAuts
     D:8: 320 daAuts
  Temple: 227 daAuts
 Ossuary: 181 daAuts
 Abyss:1: 57 daAuts
